Map: Oceanborn LE

Players

demzi - Winner!

  • Race: Zerg Zerg
  • League: Silver
  • Spawn Location: 5:00

TheDragon

  • Race: Terran Terran
  • League: Silver
  • Spawn Location: 11:00

VOD

Have the link to the VOD?

Description

Time

  • Played on: March 20, 2024, 6:57 p.m.
  • Length: 11:38
Show
View Real Time Build Order
Export as new Build Order

demzi Zerg - Winner!

Build Orders: Hatch First, Swarm Host 

Get SALT Encoding   

  12  0:00  Drone  
  13  0:13  Overlord  
  13  0:16  Drone  
  14  0:31  Drone  
  14  0:33  Drone  
  16  0:50  Hatchery  
  16  0:53  Drone  
  16  0:56  Drone  
  17  1:00  Drone  
  18  1:05  Extractor  
  17  1:17  Spawning Pool  
  16  1:19  Drone  
  16  1:22  Drone  
  18  1:29  Drone  
  20  1:40  Drone  
  20  1:51  Overlord  
  20  2:04  Queen x2  
  20  2:06  Zergling x4  
  26  2:12  Drone  
  26  2:14  Drone  
  28  2:24  Drone x2  
  30  2:35  Drone x2  
  32  2:41  Lair  
  32  2:43  Queen  
  34  2:45  Overlord  
  34  2:49  Drone  
  35  2:55  Overlord  
  33  3:09  Overlord  
  33  3:16  Drone x8  
  33  3:19  Extractor  
  40  3:22  Extractor  
  40  3:26  Queen  
  41  3:41  Hatchery  
  41  3:46  Drone x3  
  41  3:48  Drone x2  
  45  3:49  Drone  
  45  3:52  Drone  
  45  3:53  Drone  
  45  3:54  Drone  
  49  3:58  Pneumatized Carapace  
  49  4:03  Zergling x4  
  49  4:04  Zergling x2  
  52  4:13  Overlord x2  
  52  4:23  Roach Warren  
  51  4:26  Drone x2, Evolution Chamber  
  51  4:27  Drone, Evolution Chamber  
  52  4:34  Drone  
  52  4:37  Zergling x4, Infestation Pit  
  52  4:38  Zergling x4  
  55  4:42  Metabolic Boost  
  56  4:56  Drone x8  
  64  5:22  Roach x8  
  64  5:28  Drone  
  81  5:31  Extractor x2  
  81  5:34  Overlord  
  81  5:35  Overlord x5  
  79  5:52  Overseer  
  79  5:53  Overlord  
  79  5:54  Overlord  
  79  5:56  Zerg Missile Weapons Level 1, Zerg Ground Armor Level 1  
  79  5:57  Glial Reconstitution  
  79  6:04  Drone x7  
  79  6:05  Drone x2  
  88  6:12  Overlord x2  
  88  6:19  Drone  
  88  6:23  Baneling Nest  
  88  6:24  Drone x2  
  90  6:25  Hydralisk Den  
  90  6:27  Drone x3  
  90  6:28  Drone  
  90  6:29  Drone  
  94  6:38  Roach  
  94  6:39  Roach x3  
  104  6:40  Roach  
  104  6:41  Roach  
  104  6:44  Roach  
  104  6:46  Roach  
  110  6:47  Roach  
  99  7:02  Roach x8  
  105  7:12  Roach x6  
  105  7:32  Hatchery  
  104  7:54  Overlord  
  104  7:55  Overlord x2  
  104  7:56  Overlord x2  
  104  7:57  Queen  
  106  8:01  Swarm Host x7  
  106  8:02  Swarm Host x5  
  142  8:08  Ravager x3  
  142  8:09  Ravager x2  
  147  8:18  Queen  
  149  8:47  Drone x4  
  149  8:48  Drone x2  
  155  9:07  Hydralisk  
  155  9:08  Hydralisk x15  
  187  9:12  Extractor  
  187  9:13  Extractor  
  185  9:18  Zerg Missile Weapons Level 2  
  185  9:42  Burrow  
  185  9:48  Drone x4  
  185  9:49  Drone x2  
  185  9:50  Drone x4  
  157  10:42  Roach x14  
  187  10:43  Roach x11  
Show
View Real Time Build Order
Export as new Build Order

TheDragon Terran 

Build Orders:  

Get SALT Encoding   

  12  0:12  Supply Depot  
  12  0:14  SCV  
  13  0:26  SCV  
  14  0:36  Barracks  
  14  0:38  SCV  
  15  0:49  Refinery  
  15  0:50  SCV  
  16  1:00  Refinery  
  16  1:02  SCV  
  17  1:14  SCV  
  18  1:24  Supply Depot  
  18  1:26  SCV  
  19  1:35  Barracks Reactor  
  19  1:38  SCV  
  20  1:50  SCV  
  21  1:57  Factory  
  21  2:03  Supply Depot, SCV  
  22  2:13  Marine x2  
  22  2:15  SCV  
  25  2:33  Barracks  
  25  2:34  Marine  
  25  2:35  Marine  
  27  2:37  Orbital Command  
  27  2:44  Factory Tech Lab  
  27  3:07  Marine x2  
  27  3:09  Siege Tank  
  32  3:16  SCV  
  33  3:22  Barracks Tech Lab  
  33  3:25  Marine  
  34  3:28  SCV  
  35  3:34  Command Center  
  35  3:43  Starport  
  35  3:46  SCV  
  36  3:56  Supply Depot  
  36  3:58  SCV  
  36  4:00  Combat Shield  
  37  4:10  SCV  
  38  4:18  Siege Tank  
  38  4:19  Supply Depot  
  38  4:22  Starport Reactor  
  41  4:27  SCV  
  42  4:39  SCV  
  43  4:46  Marauder  
  43  4:47  Marine  
  43  4:48  Marine  
  43  4:50  Siege Tank  
  50  4:58  Engineering Bay  
  50  5:01  Medivac  
  52  5:07  Marauder  
  52  5:14  Bunker, Orbital Command  
  54  5:24  SCV  
  55  5:33  Refinery x2  
  55  5:36  SCV  
  55  5:48  SCV  
  56  6:05  Marine, Marauder  
  56  6:06  Marine  
  56  6:09  SCV x2  
  62  6:21  SCV x2  
  62  6:23  Marine x2  
  66  6:27  Marauder  
  68  6:33  SCV  
  68  6:36  Siege Tank, Terran Infantry Weapons Level 1  
  72  6:41  Marine x2  
  72  6:43  SCV  
  72  6:45  SCV  
  72  6:46  Supply Depot  
  76  6:47  Marine  
  77  6:55  SCV  
  77  6:57  SCV  
  72  7:07  SCV  
  68  7:09  SCV  
  68  7:10  Supply Depot  
  63  7:26  Marine x2, Marauder  
  65  7:32  Supply Depot  
  65  7:44  Marine x2  
  65  7:47  Marauder  
  69  8:02  Marine x2  
  71  8:07  Liberator  
  71  8:08  Marauder  
  71  8:10  Siege Tank  
  79  8:16  Factory  
  79  8:20  Marine x2  
  79  8:21  Supply Depot  
  79  8:25  Medivac  
  83  8:30  Terran Infantry Armor Level 1, Marauder  
  85  8:40  Missile Turret  
  85  8:42  Siege Tank, Missile Turret  
  85  8:44  Supply Depot  
  88  8:50  Medivac  
  88  8:51  Marauder  
  88  8:55  Armory  
  92  9:02  Missile Turret x2  
  92  9:06  Supply Depot  
  92  9:07  Marine x2  
  92  9:09  SCV x2  
  96  9:13  Marauder  
  98  9:21  SCV x2  
  100  9:24  Liberator, Missile Turret  
  100  9:25  Marine x2  
  100  9:29  Factory Tech Lab  
  105  9:33  SCV  
  105  9:34  Marauder  
  108  9:42  Armory, Marine  
  108  9:43  Marine  
  108  9:45  Command Center  
  110  9:55  Marauder  
  112  10:00  Marine x2  
  112  10:01  Barracks  
  112  10:02  Starport  
  95  10:17  Marauder  
  54  10:39  Marine x3  
  20  10:54  Siege Tank x2  
  26  10:57  Marine x2  
  26  10:58  Starport Tech Lab, Marauder  
Tags
 
Composition
Swarm Host
Matchup
TvZ
Replay Pack
Multiplayer
Spawn Locations
Cross Positions
Add a new tag
Caveats
  • Supply blocks, unpowered buildings, or Contaminate may cause inaccurate times.
  • Supply counts are checked every 10 seconds.